AoeStats
← branko1966

Arabia

510465608Analyzed
1v1 RM · 1d ago on Oct 1, 2026· 41m 59s· 2 players
Game mode
Random Map
Map size
Tiny (2 player)
Population
200
Speed
Normal
Resources
Standard
Victory
Conquest
Starting age
Dark Age
Ending age
Imperial Age
RankedLock teamsTeams togetherTeam positionsShared explorationLock speedFull tech treeHidden civsTurbo modeCheats
Victory
Defeat
🇨🇷 Persians · Costa Rica
603
+13
🇺🇸 Magyars · United States
530
-13
branko1966
8:28 Loom
10:55 Feudal Age
9:15 Loom
11:53 Double-Bit Axe
11:54 Horse Collar
22:10 Bloodlines
22:10 Scale Barding Armor
22:08 Scale Mail Armor
33:39 Castle Age
36:35 Heavy Plow
36:52 Bow Saw
37:36 Light Cavalry
38:49 Padded Archer Armor
38:40 Fletching
39:50 Corvinian Army
40:13 Elite Skirmisher
41:41 Thumb Ring
rudyf
3:20 Loom
10:38 Feudal Age
12:50 Double-Bit Axe
13:38 Town Watch
16:11 Padded Archer Armor
16:01 Fletching
17:15 Wheelbarrow
22:39 Castle Age
22:53 Crossbowman
24:50 Bodkin Arrow
25:11 Leather Archer Armor
26:41 Thumb Ring
27:59 Gold Mining
31:45 Kamandaran
33:05 Pikeman
34:35 Scale Mail Armor
34:46 Forging
40:49 Imperial Age
39:44 Ballistics
Connection lost

Rejoining the realm…

Still unreachable

The connection could not be restored.

Session expired

The server has moved on; the page needs a fresh start.